 Dungeon Crawl Stone Soup version 0.28-a0-268-g3f656e82c2 (webtiles) character file.

Game seed: 6932565930250150499

227 theanonym the Sneak (level 5, 0/42 HPs)
             Began as a Mummy Delver on Aug 29, 2021.
             Was an Initiate of Okawaru.
             Slain by Robin the hound (2 damage)
             ... on level 4 of the Dungeon.
             The game lasted 00:03:43 (3627 turns).

theanonym the Sneak (Mummy Delver)                  Turns: 3627, Time: 00:03:43

Health: 0/42       AC: 11    Str: 16    XL:     5   Next: 70%
Magic:  5/5        EV:  5    Int:  9    God:    Okawaru [......]
Gold:   98         SH:  0    Dex: 14    Spells: 4/4 levels left

rFire   x . .      SeeInvis .   a - +0 spear
rCold   + . .      Faith    .   (no shield)
rNeg    + + +      Spirit   .   j - +0 plate armour
rPois   ∞          Reflect  .   (no helmet)
rElec   .          Harm     .   (no cloak)
rCorr   .          Rampage  .   n - +0 pair of gloves
Will    .....                   (no boots)
Stlth   ..........              (no amulet)
HPRegen 0.14/turn               (no ring)
MPRegen 0.09/turn               (no ring)

@: silenced (expiring)
A: cold resistance 1, negative energy resistance 3, torment resistance 2, heat
vulnerability 1, no potions
a: Renounce Religion


Innate Abilities, Weirdness & Mutations

You are immune to poison.
Your flesh is cold resistant. (rC+)
You are immune to negative energy. (rN+++)
You are immune to unholy pain and torment.
You are vulnerable to heat. (rF-)
You do not drink.


   Skills:
 + Level 4.1 Fighting
 * Level 3.8 Polearms
 + Level 1.8 Armour
 - Level 1.5 Dodging
 - Level 4.1 Stealth


You had 4 spell levels left.
You didn't know any spells.
Your spell library contained the following spells:

 Spells                   Type           Power      Damage    Failure   Level
 Passwall                 Tmut/Erth      0%         N/A       100%        2
 Gell's Gravitas          Tloc           0%         N/A       100%        3
 Lesser Beckoning         Tloc           0%         N/A       100%        3
 Swiftness                Air            0%         N/A       100%        3
 Teleport Other           Tloc           0%         N/A       100%        3
 Invisibility             Hex            0%         N/A       100%        6

Skill      XL: |  1  2  3  4  5 |
---------------+----------------+-----
Polearms       | 2 3 |  3.8
Armour         | 1 |  1.8
Fighting       | 4 |  4.1
Dodging        | |  1.5
Stealth        | |  4.1

Action                   |  1- 3 |  4- 6 || total
-------------------------+-------+-------++-------
Melee: Spear             |   199 |   125 ||   324
Evoke: Wand              |       |     6 ||     6
  Use: Scroll            |     1 |     2 ||     3
Armor: Leather armour    |    22 |       ||    22
       Plate armour      |    93 |   104 ||   197
Dodge: Dodged            |    67 |    47 ||   114

Inventory:

Hand Weapons
 a - a +0 spear (weapon)
Armour
 j - a +0 plate armour (worn)
 n - a +0 pair of gloves (worn)
Wands
 c - a wand of digging (3)
 p - a wand of polymorph (3)
Scrolls
 b - 2 scrolls of teleportation {unknown}
 d - a scroll of vulnerability {unknown}
 e - a scroll of fear
 f - a scroll of fog
 g - 2 scrolls of noise
 h - a scroll of silence
 i - a scroll of amnesia {unknown}
 k - 2 scrolls of enchant weapon {unknown}
 l - 3 scrolls of identify {unknown}
 m - 3 scrolls of immolation {unknown}
 o - a scroll of enchant armour {unknown}


You were on level 4 of the Dungeon.
You worshipped Okawaru.
Okawaru was noncommittal.
You visited 1 branch of the dungeon, and saw 5 of its levels.

You collected 98 gold pieces.

Dungeon Overview and Level Annotations

Branches:
Dungeon (5/15)
 Temple: D:4-7

Altars:
Okawaru
Xom

Annotations:
D:4 Robin

#.... #.##' #.##.
...#.... ...#. +..
....#... ... #. #..
....'.. .... #. #...
...#'### #.
#...####+#.....# ####
#......@.#.....# #...
#.......h#.....# +...
#........gg....# #...
#...##'###)....###+##...
#...#ggg.g#####.....#...
#...#...gg# #.....#...
#...'...gg# #.....#...
#...#.....# #.....#...
#...#...(.# #.....#...


You could see Robin the hound, a hobgoblin and 3 goblins.

Notes
Turn   | Place    | Note
-------+----------+-------------------------------------------
     0 | D:5      | theanonym the Mummy Delver began the quest for the Orb.
     0 | D:5      | Reached XP level 1. HP: 18/18 MP: 1/1
     5 | D:5      | Found an iron altar of Okawaru.
    15 | D:5      | Noticed an orc wizard
    15 | D:5      | Noticed an iguana
    18 | D:5      | Became a worshipper of Warmaster Okawaru
    19 | D:5      | Noticed a scorpion
   408 | D:1      | Reached skill level 2 in Polearms
   450 | D:1      | Reached XP level 2. HP: 24/24 MP: 2/2
   466 | D:1      | HP: 12/24 [goblin (2)]
   473 | D:1      | HP: 10/24 [ball python (2)]
  1317 | D:1      | Reached XP level 3. HP: 24/29 MP: 3/3
  2244 | D:2      | Found a shimmering altar of Xom.
  2518 | D:3      | Reached XP level 4. HP: 31/36 MP: 4/4
  2652 | D:3      | Found a faded altar of an unknown god.
  2664 | D:3      | Reached skill level 3 in Polearms
  2664 | D:3      | Reached skill level 1 in Armour
  3235 | D:4      | Reached XP level 5. HP: 24/42 MP: 5/5
  3236 | D:4      | HP: 21/42 [hobgoblin (3)]
  3535 | D:4      | Reached skill level 4 in Fighting
  3575 | D:4      | HP: 18/42 [iguana (7)]
  3581 | D:4      | HP: 9/42 [iguana (2)]
  3589 | D:4      | HP: 9/42 [howler monkey (1)]
  3605 | D:4      | Noticed Robin
  3608 | D:4      | HP: 10/42 [goblin[Robin] (1)]
  3614 | D:4      | HP: 5/42 [goblin[Robin] (1)]
  3617 | D:4      | HP: 2/42 [Robin/goblin (3)]
  3622 | D:4      | HP: 1/42 [goblin[Robin] (2)]
  3624 | D:4      | Noticed Robin
  3624 | D:4      | Robin changed into Robin the hound
  3627 | D:4      | Slain by Robin the hound

Vanquished Creatures
  A howler monkey (D:4)
  2 hounds (D:4)
  2 hound skeletons (D:4)
  4 adders
  An ufetubus (D:2)
  A dart slug (D:1)
  4 ball pythons
  5 bats
  An endoplasm (D:1)
  2 giant cockroaches
  7 hobgoblins
  8 jackals
  8 kobolds
  A quokka (D:1)
  3 frilled lizards
  5 goblins
  6 rats
61 creatures vanquished.

Table legend: (Time is in decaauts)
 A = Elapsed time spent in this place.
 B = Non-inter-level travel time spent in this place.
 C = Inter-level travel time spent in this place.
 D = Time resting spent in this place.
 E = Time spent auto-exploring this place.
 F = Levels seen in this place.
 G = Mean time per level.
                   A        B        C        D        E       F      G
               +--------+--------+--------+--------+--------+-----+--------+
         Total |   3622 |   3553 |     69 |    958 |   2061 |   5 |  724.4 |
       Dungeon |   3622 |   3553 |     69 |    958 |   2061 |   5 |  724.4 |
               +--------+--------+--------+--------+--------+-----+--------+

Top non-repeatable levels by time:
     D:2: 1080 daAuts
     D:1: 999 daAuts
     D:3: 888 daAuts
     D:4: 619 daAuts
     D:5: 34 daAuts
